 Dungeon Crawl Stone Soup version 0.21-a0-274-gc1afaeb (webtiles) character file.

13888 nikopol the Thaumaturge (level 11, 0/55 HPs)
             Began as a Deep Elf Fire Elementalist on Sept 18, 2017.
             Was a High Priest of Sif Muna.
             Killed by vampiric draining
             ... invoked by a vampire
              (20 damage)
             ... on level 11 of the Dungeon.
             The game lasted 00:59:45 (11649 turns).

nikopol the Thaumaturge (DEFE)                     Turns: 11649, Time: 00:59:47

Health: 0/55       AC:  8    Str:  5    XL:     11   Next: 81%
Magic:  20/31      EV: 15    Int: 24    God:    Sif Muna [*****.]
Gold:   548        SH:  0    Dex: 15    Spells: 21/38 levels left

rFire    . . .     SeeInvis +   t - staff of wizardry
rCold    . . .     Gourm    .   (no shield)
rNeg     . . .     Faith    .   B - +2 robe {Archmagi}
rPois    .         Spirit   .   r - +0 helmet
rElec    .         Reflect  .   D - +0 cloak
rCorr    .         Harm     .   j - +0 pair of gloves
MR       +....                  h - +0 pair of boots
Stlth    +++.......             J - amulet of magic regeneration
HPRegen  0.18/turn              e - ring of see invisible
MPRegen  0.47/turn              (no ring)

@: about to teleport, barbed spikes
A: no striking features
a: Divine Energy, Channel Magic, Forget Spell, Renounce Religion


You were on level 11 of the Dungeon.
You worshipped Sif Muna.
Sif Muna was extremely pleased with you.
You were very hungry.

You visited 2 branches of the dungeon, and saw 12 of its levels.

You collected 548 gold pieces.

Inventory:

Hand Weapons
 x - a +2 dagger of venom
 I - a +3 dagger of electrocution
 L - a -1 long sword
Armour
 a - a +0 robe
 h - a +0 pair of boots (worn)
 j - a +0 pair of gloves (worn)
 r - a +0 helmet (worn)
 B - a +2 robe of the Archmagi (worn)
 D - a +0 cloak (worn)
Magical Staves
 t - an uncursed staff of wizardry (weapon)
Jewellery
 e - a ring of see invisible (left hand)
 J - an amulet of magic regeneration (around neck)
Wands
 g - a wand of iceblast (5/15)
 n - a wand of confusion (11/48)
 y - a wand of confusion (28/48)
 F - a wand of iceblast (5/15)
 G - a wand of lightning (6/15)
 M - a wand of paralysis (24/24)
 S - a wand of confusion (15/48)
Scrolls
 d - 5 scrolls of remove curse
 k - 4 scrolls of teleportation
 s - 2 scrolls of amnesia
 A - a scroll of immolation {unknown}
 H - a scroll of identify
 K - a scroll of recharging
 N - a scroll of enchant weapon
 Q - a scroll of fear {unknown}
Potions
 i - a potion of berserk rage
 l - 2 potions of haste
 m - 5 potions of might
 p - 5 potions of lignification
 q - 3 potions of heal wounds
 u - a potion of invisibility
 v - 2 potions of curing
 w - a potion of brilliance {unknown}
 z - 2 potions of flight
 E - 3 potions of mutation {unknown}
Books
 b - a book of Flames

   Spells                             Type                      Level
   a - Flame Tongue                   Conjuration/Fire             1
   b - Throw Flame                    Conjuration/Fire             2
   c - Conjure Flame                  Conjuration/Fire             3
   d - Inner Flame                    Hexes/Fire                   3
   e - Sticky Flame                   Conjuration/Fire             4
   f - Fireball                       Conjuration/Fire             5
 O - a book of Air

   Spells                             Type                      Level
   a - Shock                          Conjuration/Air              1
   b - Swiftness                      Charms/Air                   2
   c - Static Discharge               Conjuration/Air              3
   d - Airstrike                      Air                          4
   e - Lightning Bolt                 Conjuration/Air              5
 P - Sif Muna's Disquisition on Flight and the Mountains
   (Sif Muna gifted it to you on level 10 of the Dungeon)

   Spells                             Type                      Level
   a - Sandblast                      Earth                        1
   b - Lehudib's Crystal Spear        Conjuration/Earth            8
   c - Chain Lightning                Conjuration/Air              8
Miscellaneous
 R - a phantom mirror
Comestibles
 c - 7 bread rations
 f - 6 meat rations
 o - 4 royal jellies


   Skills:
 + Level 0.8 Fighting
 + Level 0.4(0.7) Short Blades
 + Level 0.6(0.8) Long Blades
 + Level 5.3 Dodging
 + Level 4.3 Stealth
 + Level 14.4 Spellcasting
 + Level 11.0 Conjurations
 + Level 11.8 Fire Magic


You had 21 spell levels left.
You knew the following spells:

 Your Spells              Type           Power        Failure   Level  Hunger
a - Flame Tongue          Conj/Fire      #####        1%          1    None
b - Throw Flame           Conj/Fire      ######       1%          2    None
c - Conjure Flame         Conj/Fire      #######.     1%          3    None
d - Fireball              Conj/Fire      #######...   1%          5    ##.....
e - Airstrike             Air            ####......   13%         4    None
f - Swiftness             Chrm/Air       ####....     1%          2    None


Dungeon Overview and Level Annotations

Branches:
Dungeon (11/15)            Temple (1/1) D:4            Lair (0/6) D:9
    Orc (0/2) D:11

Altars:
Ashenzari
Cheibriados
Dithmenos
Elyvilon
Fedhas
Gozag
Hepliaklqana
Kikubaaqudgha
Makhleb
Nemelex Xobeh
Okawaru
Qazlal
Ru
Sif Muna
Trog
Uskayaw
Vehumet
Wu Jian
Xom
Zin
The Shining One

Annotations:
D:4 Nattefrost's ghost, novice HuGl


Message History

Casting: Throw Flame
Confirm with . or Enter, or press ? or * to list all spells.
Aiming: Fireball
Press: ? - help, Shift-Dir - straight line, p - vampire You feel a surge of power!
The fireball explodes!
The fireball engulfs the vampire.
The vampire is almost destroyed.
The fireball engulfs the manticore.
The manticore is moderately wounded.
You are feeling very hungry.
The vampire is infused with unholy energy.
The vampire draws life force from you and is healed!
Casting: Fireball
Confirm with . or Enter, or press ? or * to list all spells.
Okay, then.
As you read the scroll of teleportation, it crumbles to dust.
You feel strangely unstable. The manticore closely misses you.
The manticore misses you. The manticore closely misses you.
The vampire is infused with unholy energy.
You die...

.............#
....>..
>............#
.......
.........###.#
.......
.........# #.#
.......
.........#
#.####.......
.........#
#รท...........
.#.......#
#............
.#.......#
#.....V......
.#.......#
#..##@H.>...#
.#.......#
#..##.......#
.#.......#
#..##.......#
.#.......#
#..##.......#
.#.......#
#..##.......#
.#.......# #..
#.......#
.........#
#........
##########
#########


You could see a manticore and a vampire.

Vanquished Creatures
  2 two-headed ogres (D:9)
  5 skeletal warriors (D:9)
  Pikel (D:4)
  Psyche (D:11)
  2 centaur zombies (D:11)
  A troll (D:10)
  Grinder (D:3)
  2 hippogriffs
  Sigmund (D:3)
  A spriggan (D:9)
  The ghost of Nattefrost the Poker, an amateur HOGl (D:3)
  5 ice beasts
  2 black bears (D:10)
  An eye of draining (D:10)
  5 orc warriors
  A sky beast (D:11)
  8 ogres
  6 necrophages
  2 slaves (D:4)
  2 phantoms
  5 centaurs
  4 big kobolds
  9 bullfrogs
  A gnoll sergeant (D:8)
  A wyvern zombie (D:11)
  A scorpion (D:9)
  13 killer bees
  11 wights
  6 howler monkeys
  A bullfrog zombie (D:11)
  4 jellies
  6 orc priests
  2 bullfrog skeletons
  6 hounds
  11 orc wizards
  2 centaur skeletons
  2 iguanas (D:8)
  Crazy Yiuf (D:4)
  13 worker ants
  A killer bee zombie (D:6)
  A worker ant zombie (D:10)
  Robin (D:3)
  7 gnolls
  8 adders
  A howler monkey skeleton (D:5)
  2 shadow imps
  An adder zombie (D:7)
  4 worms
  2 adder skeletons
  2 dart slugs
  7 leopard geckos
  52 orcs
  4 giant cockroaches
  10 hobgoblins
  6 jackals
  21 kobolds
  A quokka (D:8)
  2 ball pythons
  7 bats
  10 frilled lizards
  11 goblins
  3 leopard gecko skeletons
  4 rats
  2 fungi (D:4)
  A withered plant (D:11)
320 creatures vanquished.

Vanquished Creatures (others)
  A quokka (D:3)
1 creature vanquished.

Grand Total: 321 creatures vanquished

Notes
Turn   | Place    | Note
-------+----------+-------------------------------------------
     0 | D:1      | nikopol the Deep Elf Fire Elementalist began the quest for the Orb.
     0 | D:1      | Reached XP level 1. HP: 10/10 MP: 6/6
   187 | D:1      | Reached XP level 2. HP: 15/15 MP: 4/8
   191 | D:1      | Learned a level 2 spell: Throw Flame
   538 | D:2      | Reached XP level 3. HP: 11/19 MP: 0/10
   653 | D:2      | Found a bloodstained altar of Trog.
   834 | D:2      | Reached skill level 4 in Spellcasting
   891 | D:2      | Found a snail-covered altar of Cheibriados.
  1025 | D:2      | Found a glowing golden altar of the Shining One.
  1026 | D:2      | Found a hazy altar of Hepliaklqana.
  1026 | D:2      | Found a white marble altar of Elyvilon.
  1029 | D:2      | Found a sacrificial altar of Ru.
  1196 | D:3      | Learned a level 3 spell: Conjure Flame
  1208 | D:3      | Noticed Grinder
  1217 | D:3      | Paralysed by Grinder for 2 turns
  1400 | D:3      | Noticed Robin
  1400 | D:3      | Reached XP level 4. HP: 24/24 MP: 6/12
  1560 | D:3      | Noticed Sigmund
  1574 | D:3      | Killed Sigmund
  1574 | D:3      | Reached skill level 5 in Spellcasting
  1574 | D:3      | Reached skill level 5 in Fire Magic
  1574 | D:3      | Reached XP level 5. HP: 26/28 MP: 0/14
  1685 | D:3      | Learned a level 5 spell: Fireball
  1703 | D:3      | Killed Robin
  1848 | D:3      | Found a white marble altar of Elyvilon.
  2124 | D:3      | Reached XP level 6. HP: 32/32 MP: 10/16
  2446 | D:3      | Noticed Nattefrost's ghost (amateur HOGl)
  2461 | D:3      | Killed Nattefrost's ghost
  2577 | D:3      | Paralysed by Grinder for 6 turns
  2593 | D:3      | Paralysed by Grinder for 3 turns
  2605 | D:3      | Killed Grinder
  2605 | D:3      | Reached skill level 6 in Spellcasting
  2605 | D:3      | Reached XP level 7. HP: 35/37 MP: 0/18
  2906 | D:4      | Noticed Pikel
  3159 | D:4      | Found an ancient bone altar of Kikubaaqudgha.
  3200 | D:4      | Noticed Nattefrost's ghost (novice HuGl)
  3684 | D:4      | Found a staircase to the Ecumenical Temple.
  3690 | D:4      | Reached skill level 7 in Spellcasting
  3719 | D:4      | Killed Pikel
  3719 | D:4      | Reached skill level 8 in Spellcasting
  3719 | D:4      | Reached skill level 5 in Conjurations
  3719 | D:4      | Reached XP level 8. HP: 42/42 MP: 7/22
  3753 | Temple   | Entered the Ecumenical Temple
  3786 | Temple   | Became a worshipper of Sif Muna the Loreminder
  4258 | D:4      | Found a runed door.
  4262 | D:4      | Noticed Crazy Yiuf
  4266 | D:4      | Killed Crazy Yiuf
  4346 | D:5      | Entered Level 5 of the Dungeon
  5148 | D:5      | Found a shimmering altar of Xom.
  5218 | D:5      | Found a shadowy altar of Dithmenos.
  5225 | D:5      | Reached skill level 9 in Spellcasting
  5322 | D:6      | Reached * piety under Sif Muna
  5326 | D:6      | Found an opulent altar of Gozag.
  5881 | D:6      | Reached XP level 9. HP: 46/46 MP: 18/24
  6104 | D:6      | Found a radiant altar of Vehumet.
  6521 | D:7      | Reached skill level 10 in Spellcasting
  6859 | D:7      | Reached ** piety under Sif Muna
  7427 | D:8      | Reached skill level 11 in Spellcasting
  7958 | D:8      | Reached XP level 10. HP: 51/51 MP: 24/27
  8117 | D:8      | Reached *** piety under Sif Muna
  8423 | D:9      | Noticed a two-headed ogre
  8437 | D:9      | Killed a two-headed ogre
  8522 | D:9      | Reached skill level 12 in Spellcasting
  8559 | D:9      | Noticed a two-headed ogre
  8579 | D:9      | Killed a two-headed ogre
  8579 | D:9      | Reached skill level 10 in Fire Magic
  8731 | D:9      | Found an ornate altar of the Wu Jian Council.
  8760 | D:9      | Reached **** piety under Sif Muna
  8876 | D:9      | Noticed a skeletal warrior
  8878 | D:9      | Noticed a skeletal warrior
  8904 | D:9      | Killed a skeletal warrior
  9118 | D:9      | Killed a skeletal warrior
  9126 | D:9      | Noticed a skeletal warrior
  9184 | D:9      | Noticed a skeletal warrior
  9226 | D:9      | Killed a skeletal warrior
  9226 | D:9      | Reached skill level 13 in Spellcasting
  9226 | D:9      | Reached XP level 11. HP: 55/55 MP: 4/30
  9334 | D:9      | Found a staircase to the Lair.
  9369 | D:9      | Noticed a skeletal warrior
  9378 | D:9      | Killed a skeletal warrior
  9378 | D:9      | Reached skill level 5 in Dodging
  9378 | D:9      | Reached skill level 10 in Conjurations
  9471 | D:9      | Killed a skeletal warrior
  9471 | D:9      | Reached ***** piety under Sif Muna
  9569 | D:10     | Entered Level 10 of the Dungeon
 10009 | D:10     | Learned a level 4 spell: Airstrike
 10012 | D:10     | Learned a level 2 spell: Swiftness
 10020 | D:10     | Identified Sif Muna's Disquisition on Flight and the Mountains (Sif Muna gifted it to you on level 10 of the Dungeon)
 10020 | D:10     | Received a gift from Sif Muna
 10440 | D:11     | Noticed Psyche
 10441 | D:11     | Killed Psyche
 10441 | D:11     | Reached skill level 14 in Spellcasting
 11371 | D:11     | Found a staircase to the Orcish Mines.
 11649 | D:11     | Killed from afar by a vampire

Vault maps used:
D:1:      scummos_arrival_forest
D:2:      grunt_temple_overflow_open, cheibriados_altar_1, trog_book
D:3:      elyvilon_altar_4, uniq_grinder, uniq_robin, uniq_sigmund
D:4:      kiku_gazebo_pond_becter, minmay_temple_entry_crystal_x, first_bread,
          uniq_crazy_yiuf_cottage, uniq_pikel
D:5:      lemuel_coloured_pillars_altar, kennysheep_little_box, grunt_decor_cap
D:6:      marbit_many_paths, basic_altar, kennysheep_potato
D:7:      minivault_25
D:9:      overflow_temple_1_default, lair_entry_dummy, the_bakery, minivault_4
D:11:     david_orc_3, serial_undead, serial_undead_d, serial_undead_b,
          serial_undead_a, serial_undead_c, uniq_psyche
Temple:   minmay_temple_bridge_abc

Skill      XL: |  1  2  3  4  5  6  7  8  9 10 11 |
---------------+----------------------------------+-----
Fire Magic     | 4 5 6 7 9 10 11 | 11.8
Spellcasting   | 4 5 6 8 9 11 13 14 | 14.4
Dodging        | 3 4 5 |  5.3
Conjurations   | 2 3 5 6 8 9 11 | 11.0
Stealth        | 3 4 |  4.3
Fighting       | |  0.8
Short Blades   | |  0.4
Long Blades    | |  0.6

Action                   |  1- 3 |  4- 6 |  7- 9 | 10-12 || total
-------------------------+-------+-------+-------+-------++-------
Melee: Dagger            |    24 |    10 |    30 |       ||    64
       Staff             |       |       |       |    11 ||    11
 Cast: Flame Tongue      |    84 |    64 |   337 |   206 ||   691
       Conjure Flame     |     1 |     5 |    18 |    16 ||    40
       Throw Flame       |       |     5 |    37 |   132 ||   174
       Fireball          |       |       |     2 |    48 ||    50
  Use: Scroll            |       |       |    15 |     8 ||    23
       Potion            |       |       |     1 |     1 ||     2
  Eat: Chunk             |     1 |     3 |    17 |    11 ||    32
       Fruit             |       |       |       |     2 ||     2
       Royal jelly       |       |       |       |     1 ||     1
Armor: Robe              |    19 |     8 |    13 |    18 ||    58
Dodge: Dodged            |    44 |    21 |    63 |    66 ||   194
       Rpst.: Long sword |       |       |     3 |       ||     3

Table legend:
 A = Spawn XP
 B = Non-spawn XP
 C = Spawn XP percentage of total XP
 D = Spawn monster count
 E = Non-spawn monster count
 F = Spawn count percentage of total count
 G = Total turns spent on level
                    A         B        C        D         E        F      G
               +---------+---------+-------+---------+---------+-------+---------
         Total |       0 |   19840 |   0.0 |       0 |     315 |   0.0 | 11649
               +---------+---------+-------+---------+---------+-------+---------
           D:1 |       0 |      25 |   0.0 |       0 |      15 |   0.0 |   474
           D:2 |       0 |      56 |   0.0 |       0 |      23 |   0.0 |   896
           D:3 |       0 |     766 |   0.0 |       0 |      30 |   0.0 |  1693
           D:4 |       0 |    1132 |   0.0 |       0 |      20 |   0.0 |  1233
           D:5 |       0 |     384 |   0.0 |       0 |      18 |   0.0 |   937
           D:6 |       0 |     775 |   0.0 |       0 |      22 |   0.0 |  1209
           D:7 |       0 |    1100 |   0.0 |       0 |      30 |   0.0 |   691
           D:8 |       0 |    1698 |   0.0 |       0 |      33 |   0.0 |  1211
           D:9 |       0 |    7250 |   0.0 |       0 |      43 |   0.0 |  1168
          D:10 |       0 |    2939 |   0.0 |       0 |      38 |   0.0 |   846
          D:11 |       0 |    3715 |   0.0 |       0 |      43 |   0.0 |  1234
               +---------+---------+-------+---------+---------+-------+---------
